 Dungeon Crawl Stone Soup version 0.23-a0-4-g8f018a2 (webtiles) character file.

1859 prawnwizard the Carver (level 8, -4/63 (64) HPs)
             Began as a Demonspawn Gladiator on July 31, 2018.
             Was a Believer of Trog.
             Slain by Erica
             ... wielding a +2 scimitar of flaming
              (8 damage)
             ... on level 8 of the Dungeon.
             The game lasted 00:07:49 (5675 turns).

prawnwizard the Carver (Demonspawn Gladiator)       Turns: 5675, Time: 00:07:50

HP:   -4/63 (64)    AC: 10    Str: 18    XL:     8   Next: 89%
MP:   8/8           EV: 11    Int:  9    God:    Trog [**....]
Gold: 408           SH:  0    Dex: 14    Spells: 7/7 levels left

rFire    . . .     SeeInvis .   y - +2 great sword (freeze)
rCold    . . .     Gourm    .   (shield currently unavailable)
rNeg     . . .     Faith    .   p - +0 chain mail
rPois    .         Spirit   .   c - +0 helmet
rElec    .         Reflect  .   z - +0 cloak
rCorr    .         Harm     .   (no gloves)
MR       .....                  (no boots)
Stlth    ..........             (no amulet)
HPRegen  0.20/turn              (no ring)
MPRegen  0.11/turn              (no ring)

@: lethally poisoned (-4 -> -7)
A: talons 2, repulsion field 1, demonic guardian 1
a: Berserk, Trog's Hand, Renounce Religion


You were on level 8 of the Dungeon.
You worshipped Trog.
Trog was pleased with you.
You were near starving.

You visited 1 branch of the dungeon, and saw 8 of its levels.

You collected 408 gold pieces.

Inventory:

Hand Weapons
 a - a +0 long sword
 y - a +2 great sword of freezing (weapon)
Missiles
 d - 4 throwing nets (quivered)
Armour
 b - a +0 leather armour
 c - a +0 helmet (worn)
 p - a +0 chain mail (worn)
 z - a +0 cloak (worn)
Wands
 u - a wand of iceblast (7)
Scrolls
 e - a scroll of enchant armour {unknown}
 g - 2 scrolls of teleportation
 k - a scroll of noise
 o - a scroll of random uselessness {unknown}
 s - 8 scrolls of identify
 w - 2 scrolls of fear
 A - a scroll of enchant weapon {unknown}
 B - a scroll of fog {unknown}
Potions
 h - 2 potions of magic
 i - 3 potions of cancellation {unknown}
 j - 2 potions of flight {unknown}
 l - a potion of might {unknown}
 m - 4 potions of degeneration {unknown}
 n - 2 potions of mutation {unknown}
 q - 3 potions of curing {unknown}
 r - a potion of lignification {unknown}
 t - 5 potions of heal wounds {unknown}
 v - a potion of invisibility {unknown}
 x - 4 potions of berserk rage {unknown}
 C - a potion of haste {unknown}
Comestibles
 f - 20 rations


   Skills:
 + Level 6.1 Fighting
 * Level 8.0 Long Blades
 - Level 1.7 Throwing
 + Level 5.8 Dodging


You had 7 spell levels left.
You didn't know any spells.
Your spell library was empty.

Dungeon Overview and Level Annotations

Branches:
Dungeon (8/15)             Temple (0/1) D:5
   Lair: D:8-11

Altars:
Ashenzari
Elyvilon
Fedhas
Gozag
Hepliaklqana
Makhleb
Ru
Trog
Vehumet
Xom

Shops:
D:7 =

Annotations:
D:8 Erica


Innate Abilities, Weirdness & Mutations

You have razor-sharp toenails.
You are surrounded by a mild repulsion field. (EV +2)
A weak demonic guardian rushes to your aid.


Message History

The centaur misses you.
You slash Erica! You freeze Erica. You claw Erica.
Erica is heavily wounded.
You feel sick.
Erica hits you with a scimitar of flaming!
* * * LOW HITPOINT WARNING * * *
Erica burns you.
* * * LOW HITPOINT WARNING * * *
The centaur barely misses you.
Unknown command.
You hit the centaur. You freeze the centaur.
You claw the centaur, but do no damage.
The centaur is almost dead.
* * * LOW HITPOINT WARNING * * *
You feel sick.
The centaur hits you but does no damage.
Erica hits you but does no damage.
The centaur hits you but does no damage.
Erica hits you with a scimitar of flaming!
You die...

..... .. #
#.#.##..
##.#....#. # .
..#.#... .#
#.##......# ..#
.....#.#..#...#.
.......c.@......
#...@# #...##
#####


You could see Erica and a centaur.

Vanquished Creatures
  A sky beast (D:6)
  An ice beast (D:5)
  2 ogres (D:7)
  2 phantoms
  A necrophage (D:7)
  2 centaurs
  A big kobold (D:7)
  A scorpion (D:4)
  3 wights (D:6)
  A bullfrog zombie (D:8)
  4 crimson imps
  A hound (D:5)
  2 orc priests (D:3)
  A jelly (D:6)
  A centaur skeleton (D:4)
  An orc wizard (D:7)
  4 worker ants
  A hound skeleton (D:7)
  4 gnolls (D:3)
  6 adders
  2 oozes
  2 adder skeletons (D:5)
  2 worms (D:2)
  3 leopard geckos
  14 orcs
  5 bats
  5 giant cockroaches
  5 goblins
  7 hobgoblins
  15 jackals
  A ball python (D:4)
  3 frilled lizards
  A jackal skeleton (D:4)
  13 kobolds
  A leopard gecko zombie (D:7)
  3 quokka skeletons
  8 rats
130 creatures vanquished.

Vanquished Creatures (collateral kills)
  Menkaure (D:7)
  An ice beast (D:6)
  2 wights (D:6)
  A jelly (D:3)
  An orc priest (D:4)
  An orc (D:3)
  A quokka (D:4)
8 creatures vanquished.

Grand Total: 138 creatures vanquished

Notes
Turn   | Place    | Note
-------+----------+-------------------------------------------
     0 | D:1      | prawnwizard the Demonspawn Gladiator began the quest for the Orb.
     0 | D:1      | Reached XP level 1. HP: 16/16 MP: 1/1
    85 | D:1      | Reached skill level 3 in Long Blades
    85 | D:1      | Gained mutation: You are surrounded by a mild repulsion field. (EV +2) [demonic ancestry]
    85 | D:1      | Reached XP level 2. HP: 17/22 MP: 2/2
   466 | D:1      | Gained mutation: A weak demonic guardian rushes to your aid. [demonic ancestry]
   466 | D:1      | Reached XP level 3. HP: 26/28 MP: 3/3
  1486 | D:3      | Gained mutation: You have sharp toenails. [demonic ancestry]
  1486 | D:3      | Reached XP level 4. HP: 34/34 MP: 4/4
  1699 | D:3      | Reached skill level 4 in Long Blades
  1729 | D:3      | Reached XP level 5. HP: 32/41 MP: 5/5
  1774 | D:3      | Found a faded altar of an unknown god.
  2465 | D:3      | Became a worshipper of Trog the Wrathful
  2465 | D:3      | Reached * piety under Trog
  2594 | D:4      | Gained mutation: You have razor-sharp toenails. [demonic ancestry]
  2594 | D:4      | Reached XP level 6. HP: 47/47 MP: 6/6
  2744 | D:4      | Found an opulent altar of Gozag.
  2793 | D:4      | Reached skill level 5 in Long Blades
  2915 | D:4      | Found a radiant altar of Vehumet.
  3257 | D:5      | Entered Level 5 of the Dungeon
  3356 | D:5      | Noticed an ice beast
  3365 | D:5      | Killed an ice beast
  3365 | D:5      | Reached XP level 7. HP: 35/54 MP: 7/7
  3375 | D:5      | Got a flickering bronze amulet
  3434 | D:5      | Found a blossoming altar of Fedhas.
  3462 | D:5      | Identified the amulet "Fiazous" {Inacc rC- MR+ Int+4} (You found it on level 5 of the Dungeon)
  3485 | D:5      | Found a staircase to the Ecumenical Temple.
  3604 | D:5      | Found a shattered altar of Ashenzari.
  3937 | D:6      | Reached skill level 6 in Long Blades
  4043 | D:6      | Reached ** piety under Trog
  4144 | D:6      | Reached skill level 5 in Fighting
  4144 | D:6      | Reached XP level 8. HP: 42/62 MP: 8/8
  4159 | D:6      | Reached skill level 5 in Dodging
  4527 | D:6      | Reached skill level 7 in Long Blades
  5364 | D:7      | Found a hazy altar of Hepliaklqana.
  5375 | D:7      | Found a white marble altar of Elyvilon.
  5400 | D:7      | Noticed Menkaure
  5403 | D:7      | Killed Menkaure
  5440 | D:7      | Found Laug Qocic's Jewellery Emporium.
  5486 | D:7      | Found a burning altar of Makhleb.
  5487 | D:7      | Found a shimmering altar of Xom.
  5494 | D:7      | Reached skill level 8 in Long Blades
  5550 | D:7      | Found a sacrificial altar of Ru.
  5663 | D:8      | Noticed Erica
  5675 | D:8      | Slain by Erica

Vault maps used:
D:1:      minmay_arrival_open_corners
D:3:      chequers_ecumenical_altar_twisty
D:4:      nicolae_overflow_crystal_walls, first_ration,
          nicolae_gozag_seed_capital
D:5:      kennysheep_mini_moat, minmay_temple_entry_statues_fountains,
          evilmike_ruin_ashenzari
D:7:      grunt_temple_overflow_champion_of_chaos, kennysheep_little_box,
          amethyst_overflow_temple_binary, serial_shops, shop, grunt_ogre_cave,
          uniq_menkaure
D:8:      lemuel_round_altar, grunt_lair_entry_orc_guard_hut, serial_ice,
          serial_ice_m, serial_ice_i, serial_ice_d, serial_ice_c, serial_ice_b,
          kennysheep_generic_room_8, uniq_erica

Skill      XL: |  1  2  3  4  5  6  7  8 |
---------------+-------------------------+-----
Long Blades    | 3 4 5 6 8 |  8.0
Dodging        | 3 4 5 |  5.8
Fighting       | 3 4 5 6 |  6.1
Throwing       | |  1.7

Action                   |  1- 3 |  4- 6 |  7- 9 || total
-------------------------+-------+-------+-------++-------
Melee: Long sword        |   126 |    67 |    39 ||   232
       Kick              |       |    68 |    44 ||   112
       Falchion          |       |   116 |       ||   116
       Great sword       |       |       |    84 ||    84
  Use: Scroll            |       |     6 |       ||     6
 Stab: Sleeping          |     2 |       |       ||     2
       Distracted        |       |     1 |     2 ||     3
  Eat: Chunk             |     2 |     6 |     6 ||    14
Armor: Leather armour    |    21 |       |       ||    21
       Chain mail        |    37 |    83 |    69 ||   189
Dodge: Dodged            |   110 |    86 |    97 ||   293
       Rpst.: Long sword |    44 |    11 |    14 ||    69
       Falchion          |       |    15 |       ||    15
       Great sword       |       |       |    10 ||    10

Table legend:
 A = Spawn XP
 B = Non-spawn XP
 C = Spawn XP percentage of total XP
 D = Spawn monster count
 E = Non-spawn monster count
 F = Spawn count percentage of total count
 G = Total turns spent on level
                    A         B        C        D         E        F      G
               +---------+---------+-------+---------+---------+-------+---------
         Total |       0 |    2656 |   0.0 |       0 |     138 |   0.0 |  5675
               +---------+---------+-------+---------+---------+-------+---------
           D:1 |       0 |      43 |   0.0 |       0 |      22 |   0.0 |   540
           D:2 |       0 |      44 |   0.0 |       0 |      15 |   0.0 |   881
           D:3 |       0 |     270 |   0.0 |       0 |      39 |   0.0 |  1140
           D:4 |       0 |     271 |   0.0 |       0 |      18 |   0.0 |   696
           D:5 |       0 |     287 |   0.0 |       0 |       9 |   0.0 |   621
           D:6 |       0 |     872 |   0.0 |       0 |      18 |   0.0 |  1012
           D:7 |       0 |     823 |   0.0 |       0 |      16 |   0.0 |   773
           D:8 |       0 |      46 |   0.0 |       0 |       1 |   0.0 |    12
               +---------+---------+-------+---------+---------+-------+---------
